 Dungeon Crawl Stone Soup version 0.28.0-53-g5a82cb258f (webtiles) character file.

Game seed: 14981965607155235630

2731 cbfl8 the Cleaver (level 9, -6/121 HPs)
             Began as a Minotaur Berserker on July 22, 2022.
             Was a Priest of Trog.
             Succumbed to a gnoll sergeant's poison
             ... on level 6 of the Dungeon.
             The game lasted 00:06:10 (6945 turns).

cbfl8 the Cleaver (Minotaur Berserker)              Turns: 6945, Time: 00:06:10

Health: -6/121     AC: 10    Str: 22    XL:     9   Next: 40%
Magic:  8/8        EV:  9    Int:  4    God:    Trog [***...]
Gold:   273        SH:  0    Dex: 14    Spells: 8/8 levels left

rFire   . . .      SeeInvis .   m - +0 battleaxe
rCold   + . .      Faith    .   (shield currently unavailable)
rNeg    . . .      Spirit   .   q - +0 chain mail
rPois   .          Reflect  .   (helmet restricted)
rElec   .          Harm     .   (no cloak)
rCorr   .          Rampage  .   (no gloves)
Will    .....                   (no boots)
Stlth   ..........              (no amulet)
HPRegen 0.30/turn               o - ring of ice
MPRegen 0.11/turn               r - ring of protection from fire

@: berserking, lethally poisoned (-6 -> -50), studying Staves, very quick
A: horns 2, retaliatory headbutt
a: Renounce Religion, Berserk, Trog's Hand


You were on level 6 of the Dungeon.
You worshipped Trog.
Trog was most pleased with you.
You visited 1 branch of the dungeon, and saw 6 of its levels.

You collected 273 gold pieces.

Inventory:

Hand Weapons
 a - a +0 hand axe
 m - a +0 battleaxe (weapon)
Armour
 q - a +0 chain mail (worn)
 t - an orb of mayhem
 u - a +0 kite shield
Jewellery
 o - a ring of ice (left hand)
 r - a ring of protection from fire (right hand)
Wands
 b - a wand of iceblast (9) (quivered)
 p - a wand of acid (5)
 A - a wand of digging (5)
Scrolls
 d - a scroll of fog {unknown}
 e - 6 scrolls of identify {unknown}
 h - a scroll of immolation {unknown}
 i - a scroll of vulnerability {unknown}
 k - 2 scrolls of blinking {unknown}
 s - 2 scrolls of teleportation {unknown}
 v - a scroll of noise {unknown}
 w - a scroll of amnesia {unknown}
 y - 2 scrolls of enchant armour {unknown}
Potions
 c - 3 potions of might {unknown}
 f - 4 potions of mutation {unknown}
 g - a potion of ambrosia {unknown}
 j - 3 potions of brilliance {unknown}
 l - 4 potions of lignification {unknown}
 n - 2 potions of curing {unknown}
 x - a potion of degeneration {unknown}
 z - a potion of berserk rage {unknown}


   Skills:
 * Level 8.2 Fighting
 + Level 9.7 Axes
 + Level 6.5 Armour
 + Level 3.9 Dodging
 + Level 1.3 Stealth
 + Level 2.4 Shields
 * Level 4.6 Evocations


You had 8 spell levels left.
You didn't know any spells.
Your spell library was empty.

Dungeon Overview and Level Annotations

Branches:
Dungeon (6/15)             Temple (0/1) D:5

Altars:
Sif Muna
Trog
The Shining One

Shops:
D:1 *(   D:5 *(


Innate Abilities, Weirdness & Mutations

You have a pair of horns on your head.
You reflexively headbutt those who attack you in melee.


Message History

The gnoll sergeant hits you but does no damage.
You are more poisoned.
You barely miss the gnoll. Your headbutt misses the gnoll.
The gnoll is severely wounded.
You slash the gnoll!
You kill the gnoll!
Trog accepts your kill.
* * * LOW HITPOINT WARNING * * *
You feel extremely sick. The gnoll hits you with a +0 club.
* * * LOW HITPOINT WARNING * * *
You closely miss the gnoll.
The gnoll is severely wounded.
You closely miss the gnoll.
* * * LOW HITPOINT WARNING * * *
You feel very sick.
The gnoll sergeant hits you but does no damage.
You are lethally poisoned!
The gnoll barely misses you. The gnoll hits you but does no damage.
Unknown command.
You barely miss the gnoll. Your headbutt misses the gnoll.
You barely miss the gnoll.
* * * LOW HITPOINT WARNING * * *
You feel extremely sick.
The gnoll sergeant completely misses you.
The gnoll barely misses you. You furiously retaliate!
You headbutt the gnoll!
You kill the gnoll!
Trog accepts your kill.
Unknown command.
You closely miss the gnoll. You headbutt the gnoll!
The gnoll is almost dead.
* * * LOW HITPOINT WARNING * * *
You feel very sick.
The gnoll sergeant hits you from afar with a +1 trident of venom!
* * * LOW HITPOINT WARNING * * *
You are more poisoned.
You are too berserk!
You barely miss the gnoll.
The gnoll is almost dead.
You die...

##..##
##.....###.....#
#..##
#..#..##......#
..##
##.###.....##.##
.## #..#
##...###..## .##
##.## ##.###....#
..#####..##
#.##...#..#
##..##....##
#(#...###..
##........####....#
##...........g@)##
#.............##
#..........##g.
..#.....#####...
..#......# ##...
#.. ..#....# ....
... .......# ....#
...##


You could see a gnoll sergeant and a gnoll.

Vanquished Creatures
  2 two-headed ogres (D:6)
  A steam dragon (D:6)
  A water moccasin (D:6)
  An orc warrior (D:4)
  An ice beast (D:6)
  2 ogres
  A centaur (D:6)
  2 phantoms
  A scorpion (D:5)
  A water moccasin zombie (D:6)
  A bullfrog zombie (D:6)
  A centaur skeleton (D:6)
  A hound (D:6)
  An orc priest (D:3)
  A jelly (D:4)
  3 orc wizards
  5 iguanas
  A hound skeleton (D:5)
  A howler monkey skeleton (D:4)
  7 gnolls
  5 adders
  A shadow imp (D:6)
  An adder skeleton (D:4)
  A worm (D:4)
  6 dart slugs
  17 orcs
  3 bats
  10 endoplasms
  4 giant cockroaches
  14 hobgoblins
  9 jackals
  7 kobolds
  4 quokkas
  8 ball pythons
  A frilled lizard (D:1)
  13 goblins
  6 rats
145 creatures vanquished.

Vanquished Creatures (others)
  8 fungi (D:4)
  11 plants (D:3)
19 creatures vanquished.

Grand Total: 164 creatures vanquished

Notes
Turn   | Place    | Note
-------+----------+-------------------------------------------
     0 | D:1      | cbfl8 the Minotaur Berserker began the quest for the Orb.
     0 | D:1      | Reached XP level 1. HP: 19/19 MP: 0/0
   166 | D:1      | Reached XP level 2. HP: 8/27 MP: 1/1
   170 | D:1      | Reached skill level 4 in Axes
   411 | D:1      | Found Risse's Weapon Shoppe.
   962 | D:1      | Reached XP level 3. HP: 30/33 MP: 2/2
  1063 | D:1      | Found Daadioshi's Assorted Antiques.
  1379 | D:2      | Reached ** piety under Trog
  1752 | D:2      | Reached XP level 4. HP: 25/41 MP: 3/3
  1918 | D:2      | Reached skill level 5 in Axes
  2405 | D:3      | Reached XP level 5. HP: 45/47 MP: 4/4
  3000 | D:4      | Noticed an orc warrior
  3001 | D:4      | Found a bloodstained altar of Trog.
  3010 | D:4      | Killed an orc warrior
  3011 | D:4      | Reached skill level 5 in Fighting
  3011 | D:4      | Reached skill level 6 in Axes
  3011 | D:4      | Reached skill level 1 in Stealth
  3011 | D:4      | Reached XP level 6. HP: 56/56 MP: 5/5
  3073 | D:4      | Found a shimmering blue altar of Sif Muna.
  3113 | D:4      | Reached skill level 1 in Evocations
  3251 | D:4      | Reached *** piety under Trog
  4544 | D:5      | Entered Level 5 of the Dungeon
  4568 | D:5      | Reached XP level 7. HP: 45/62 MP: 6/6
  4835 | D:5      | Found Pealuri's General Store.
  4857 | D:5      | Reached skill level 7 in Axes
  4949 | D:5      | Found a staircase to the Ecumenical Temple.
  5101 | D:5      | Found a glowing golden altar of the Shining One.
  5457 | D:5      | Found Todaen's Weapon Shoppe.
  5578 | D:6      | Noticed a two-headed ogre
  5579 | D:6      | Noticed a two-headed ogre
  5583 | D:6      | Reached skill level 1 in Shields
  5586 | D:6      | Killed a two-headed ogre
  5587 | D:6      | Reached skill level 8 in Axes
  5587 | D:6      | Reached skill level 5 in Armour
  5587 | D:6      | Reached XP level 8. HP: 64/71 MP: 7/7
  5588 | D:6      | Killed a two-headed ogre
  5589 | D:6      | Reached skill level 9 in Axes
  5589 | D:6      | Reached XP level 9. HP: 50/79 MP: 8/8
  6944 | D:6      | HP: 2/121 [gnoll sergeant/+1 trident of venom (11)]
  6945 | D:6      | Succumbed to a gnoll sergeant's poison

Illustrated notes

Levels and vault maps discovered:
D:1:      amcnicky_arrival_double_pillar, layout_basic, serial_shops,
          shop_fountains, shop, kennysheep_nondescript, minivault_23,
          minmay_surrounded
D:2:      layout_rooms, minmay_domino_4
D:3:      layout_rooms, chequers_big_river
D:4:      kennysheep_spiral_hall, layout_loops_corners,
          nzn_overflow_gifts_of_might_and_magic, serial_aquarium,
          aquarium_bridge_straight [aquarium_subvault_bridge,
          aquarium_subvault_window, aquarium_subvault_bridge,
          aquarium_subvault_window], aquarium_window_fake,
          aquarium_window_corridor_3, aquarium_window_fake, aquarium_view_2g,
          aquarium_view_2d
D:5:      cheibrodos_iron_armory, layout_basic, mainiacjoe_overflow_alcove_4,
          minmay_temple_entry_steel_oval, serial_shops,
          nicolae_shop_bloodbath_and_beyond, shop,
          chequers_serial_rivers_large_b, minmay_misc_feat_room
D:6:      layout_layer_cave, minmay_manual_mail

Skill      XL: |  1  2  3  4  5  6  7  8  9 |
---------------+----------------------------+-----
Fighting       | 4 5 6 7 8 |  8.2
Axes           | 4 5 6 8 9 |  9.7
Dodging        | 3 |  3.9
Stealth        | 1 |  1.3
Armour         | 3 5 6 |  6.5
Evocations     | 1 3 4 |  4.6
Shields        | 2 |  2.4

Action                   |  1- 3 |  4- 6 |  7- 9 || total
-------------------------+-------+-------+-------++-------
Melee: Hand axe          |    92 |   164 |    18 ||   274
       Headbutt          |    12 |    32 |    21 ||    65
       Punch             |     1 |     3 |       ||     4
       Battleaxe         |       |       |    89 ||    89
Invok: Berserk           |     1 |     3 |     4 ||     8
       Trog's Hand       |       |     1 |     1 ||     2
 Stab: Distracted        |       |     1 |       ||     1
Armor: Animal skin       |    18 |     2 |       ||    20
       Ring mail         |       |    18 |       ||    18
       Chain mail        |       |    35 |    67 ||   102
Dodge: Dodged            |    49 |    66 |    53 ||   168
Block: Kite shield       |       |     9 |     8 ||    17
